 Dungeon Crawl Stone Soup version 0.28-a0-793-g31680bbd8b (webtiles) character file.

Game seed: 2109544070642820070

46 kae the Caller (level 3, -4/17 HPs)
             Began as a Vine Stalker Summoner on Nov 3, 2021.
             Succumbed to a goblin's poison
             ... on level 2 of the Dungeon.
             The game lasted 00:01:53 (1403 turns).

kae the Caller (Vine Stalker Summoner)              Turns: 1403, Time: 00:01:54

Health: -4/17      AC:  2    Str: 10    XL:     3   Next: 66%
Magic:  7/7        EV: 12    Int: 16    God:
Gold:   55         SH:  0    Dex: 14    Spells: 1/7 levels left

rFire   . . .      SeeInvis .   f - +2 dagger (drain)
rCold   . . .      Faith    .   (no shield)
rNeg    . . .      Spirit   +   a - +0 robe
rPois   .          Reflect  .   (no helmet)
rElec   .          Harm     .   (no cloak)
rCorr   .          Rampage  .   (no gloves)
Will    .....                   (no boots)
Stlth   +.........              (no amulet)
HPRegen 0.05/turn               (no ring)
MPRegen 0.10/turn               (no ring)

@: confused, lethally poisoned (-4 -> -31), ambrosia-drunk
A: fangs 2, magic shield, antimagic bite, no potion heal 2
a: no special abilities


You were on level 2 of the Dungeon.
You visited 1 branch of the dungeon, and saw 2 of its levels.

You collected 55 gold pieces.

Inventory:

Hand Weapons
 b - a +1 dagger
 f - a +2 dagger of draining (weapon)
Missiles
 e - a throwing net
Armour
 a - a +0 robe (worn)
Jewellery
 h - a ring of protection from cold
Potions
 d - a potion of might


   Skills:
 + Level 0.6 Fighting
 + Level 0.7 Short Blades
 + Level 1.9 Dodging
 + Level 2.9 Stealth
 + Level 2.5 Spellcasting
 * Level 4.4 Summonings


You had one spell level left.
You knew the following spells:

 Your Spells              Type           Power      Damage    Failure   Level
a - Summon Small Mammal   Summ           64%        N/A       3%          1
b - Call Imp              Summ           16%        N/A       4%          2
c - Call Canine Familiar  Summ           16%        N/A       10%         3

Your spell library contained the following spells:

 Spells                   Type           Power      Damage    Failure   Level
 Summon Guardian Golem    Hex/Summ       9%         N/A       24%         3
 Summon Lightning Spire   Summ/Air       9%         N/A       61%         4


Dungeon Overview and Level Annotations

Branches:
Dungeon (2/15)

Altars:


Innate Abilities, Weirdness & Mutations

You have extremely sharp teeth.
When hurt, damage is shared between your health and your magic reserves.
Your bite disrupts and absorbs the magic of your enemies.
Potions cannot restore your health.


Message History

The goblin barely misses you.
You closely miss the goblin. The goblin barely misses you.
You barely miss the jackal. The jackal closely misses you.
The goblin closely misses you.
You hit the jackal. You drain the jackal.
You kill the jackal!
The goblin barely misses you.
You hit the giant cockroach but do no damage.
The goblin hits you with a +2 dagger of venom.
You are poisoned.
The giant cockroach barely misses you.
You hit the giant cockroach.
The giant cockroach is heavily wounded.
You feel sick. The giant cockroach barely misses you.
The goblin hits you with a +2 dagger of venom.
You are lethally poisoned!
You are too injured to fight recklessly!
You are too injured to fight recklessly!
You are too injured to fight recklessly!
You are too injured to fight recklessly!
You are too injured to fight recklessly!
You are too injured to fight recklessly!
You hit the giant cockroach but do no damage.
You bite the giant cockroach. You drain its power.
You feel invigorated.
The giant cockroach is almost dead.
You feel very sick.
The giant cockroach bites you but does no damage.
The goblin hits you with a +2 dagger of venom.
You are more poisoned.
You barely miss the giant cockroach.
The giant cockroach is almost dead.
* * * LOW HITPOINT WARNING * * *
You feel very sick.
The giant cockroach bites you but does no damage.
The goblin hits you with a +2 dagger of venom.
You are more poisoned.
The giant cockroach barely misses you.
You are confused.
Your system rejects the healing.
You feel invigorated.
You die...

#######.## .##
#........# ...#
#........# #
#...######....>...#.#
#.......#........#.#
#.......#..........#
#.......#........#
#....B..#........#
#....g@)...####.##
#........### #†.#
#..........# #.## #.#
#######.##..##.# #.#
#.# #.##.# #.# #.#
###.# #.# #.# #..#
#.# #.# #.## #.#
..#####.#######.#


You could see a giant cockroach and a goblin.

Vanquished Creatures
  An adder (D:2)
  A dart slug (D:1)
  2 ball pythons (D:1)
  A bat (D:1)
  2 endoplasms (D:1)
  A giant cockroach (D:1)
  4 hobgoblins (D:1)
  2 jackals (D:2)
  2 kobolds (D:1)
  A quokka (D:1)
  A frilled lizard (D:1)
  2 goblins
  5 rats
25 creatures vanquished.

Vanquished Creatures (collateral kills)
  2 ball pythons (D:1)
  2 bats (D:1)
  A quokka (D:1)
  A frilled lizard (D:1)
  2 rats (D:1)
8 creatures vanquished.

Vanquished Creatures (others)
  15 fungi (D:1)
15 creatures vanquished.

Grand Total: 48 creatures vanquished

Notes
Turn   | Place    | Note
-------+----------+-------------------------------------------
     0 | D:1      | kae the Vine Stalker Summoner began the quest for the Orb.
     0 | D:1      | Reached XP level 1. HP: 9/9 MP: 4/4
   126 | D:1      | Reached XP level 2. HP: 8/13 MP: 6/6
   264 | D:1      | Found a faded altar of an unknown god.
   752 | D:1      | Reached XP level 3. HP: 9/17 MP: 3/7
   755 | D:1      | Learned a level 2 spell: Call Imp
   759 | D:1      | Learned a level 3 spell: Call Canine Familiar
  1403 | D:2      | Succumbed to a goblin's poison

Illustrated notes

Levels and vault maps discovered:
D:1:      scummos_arrival_checkerplants, layout_basic,
          hellmonk_ecumenical_altar_crossroads
D:2:      layout_rooms

Action                   || total
-------------------------++-------
Melee: Dagger            ||    91
       Unarmed           ||     3
       Bite              ||    16
 Cast: Summon Small Mamm ||    11
       Call Imp          ||     2
  Use: Scroll            ||     5
       Potion            ||     1
 Stab: Sleeping          ||     1
Armor: Robe              ||    27
Dodge: Dodged            ||    73

Table legend: (Time is in decaauts)
 A = Elapsed time spent in this place.
 B = Non-inter-level travel time spent in this place.
 C = Inter-level travel time spent in this place.
 D = Time resting spent in this place.
 E = Time spent auto-exploring this place.
 F = Levels seen in this place.
 G = Mean time per level.
                   A        B        C        D        E       F      G
               +--------+--------+--------+--------+--------+-----+--------+
         Total |   1400 |   1366 |     34 |    323 |    794 |   2 |  700.0 |
       Dungeon |   1400 |   1366 |     34 |    323 |    794 |   2 |  700.0 |
               +--------+--------+--------+--------+--------+-----+--------+

Top non-repeatable levels by time:
     D:1: 1206 daAuts
     D:2: 194 daAuts
